 Dungeon Crawl Stone Soup version 0.25.1-2-g60ff931df9 (webtiles) character file.

Game seed: 4505378440650560713

117919 gruber the Blocker (level 16, -4/129 HPs)
             Began as a Gnoll Fighter on Dec 3, 2020.
             Was the Champion of Okawaru.
             Slain by a sphinx (7 damage)
             ... summoned by Kirke
             ... while paralysed by a sphinx
             ... on level 1 of the Snake Pit.
             The game lasted 00:41:31 (26200 turns).

gruber the Blocker (Gnoll Fighter)                 Turns: 26200, Time: 00:41:32

Health: -4/129     AC:  0    Str: 26    XL:     16   Next: 75%
Magic:  30/30      EV:  3    Int: 11    God:    Okawaru [******]
Gold:   1585       SH:  0    Dex: 14    Spells: 36/36 levels left

rFire    . . .     SeeInvis .     - Unarmed
rCold    . . .     Gourm    .   (shield currently unavailable)
rNeg     . . .     Faith    .   (armour currently unavailable)
rPois    .         Spirit   .   (helmet currently unavailable)
rElec    .         Reflect  +   (cloak currently unavailable)
rCorr    .         Harm     .   (gloves currently unavailable)
MR       +....                  (boots currently unavailable)
Stlth    ++........             l - amulet of reflection
HPRegen  0.31/turn              (ring currently unavailable)
MPRegen  0.22/turn              (ring currently unavailable)

@: confused, paralysed, pig-form, heroism, slowed, very quick
A: small, distributed training, strong nose
a: Heroism, Finesse, Renounce Religion


You were on level 1 of the Snake Pit.
You worshipped Okawaru.
Okawaru was exalted by your worship.
You were not hungry.
You were a filthy swine.
You visited 5 branches of the dungeon, and saw 25 of its levels.
You also visited: Gauntlet.

You collected 2235 gold pieces.
You spent 650 gold pieces at shops.

Inventory:

Hand Weapons
 k - the +7 hunting sling of Etoneog {venom, +Inv Str+3 Int-5}
   (You bought it in a shop on level 6 of the Dungeon)

   It poisons the ammo it fires.
   It affects your strength (+3).
   It affects your intelligence (-5).
   It lets you turn invisible.
 T - the +6 flail of Ymef (melded) {elec, rC+ Str+8 Int+2}
   (You found it on level 13 of the Dungeon)

   Occasionally, upon striking a foe, it will discharge some electrical energy
   and cause terrible harm.
   It affects your strength (+8).
   It affects your intelligence (+2).
   It protects you from cold.
Missiles
 g - 257 stones (quivered)
 K - 15 silver javelins
 R - 85 sling bullets
Armour
 c - a +0 kite shield (melded)
 w - a +6 crystal plate armour (melded)
 H - a +1 helmet of see invisible (melded)
 I - a +0 pair of boots (melded)
 L - the +3 pair of gauntlets of War (melded) {Slay+5}
   (You found it in a Gauntlet)

   It affects your accuracy and damage with ranged weapons and melee attacks
   (+5).
 M - a +2 cloak (melded)
Jewellery
 a - an uncursed ring of protection from magic
 h - a ring of poison resistance (melded)
 l - an amulet of reflection (around neck)
 m - the ring "Fuogeov" (melded) {+Blink MP+9 Str+4 Int+6 Dex+2}
   (You found it on level 9 of the Dungeon)

   [ring of magical power]

   It affects your strength (+4).
   It affects your intelligence (+6).
   It affects your dexterity (+2).
   It affects your magic capacity (+9).
   It lets you blink.
 y - an uncursed amulet of regeneration
 P - an uncursed ring of protection from cold
 X - an uncursed ring of fire
Wands
 b - a wand of clouds (7)
 j - a wand of digging (13)
 B - a wand of iceblast (39)
 C - a wand of polymorph (4)
 N - a wand of paralysis (45)
 O - a wand of acid (3)
Scrolls
 e - 5 scrolls of teleportation
 i - a scroll of blinking
 n - 2 scrolls of magic mapping
 t - 11 scrolls of remove curse
 A - 6 scrolls of fear
 D - a scroll of fog
 J - a scroll of summoning
 S - a scroll of silence
Potions
 d - 5 potions of berserk rage
 o - 3 potions of lignification
 p - a potion of stabbing
 q - 2 potions of might
 s - 3 potions of haste
 u - 3 potions of curing
 v - 2 potions of invisibility
 x - 3 potions of brilliance
 E - 7 potions of flight
 G - a potion of ambrosia
 Z - a potion of cancellation
Comestibles
 f - 39 rations
 r - 2 chunks of flesh


   Skills:
 + Level 12.4(17.4) Fighting
 + Level 10.8(15.8) Short Blades
 + Level 10.8(15.8) Long Blades
 + Level 10.8(15.8) Axes
 + Level 10.8(15.8) Maces & Flails
 + Level 11.7(16.7) Polearms
 + Level 10.8(15.8) Staves
 + Level 10.8(15.8) Slings
 + Level 10.8(15.8) Bows
 + Level 10.8(15.8) Crossbows
 + Level 10.8(15.8) Throwing
 + Level 12.4(17.4) Armour
 + Level 10.8(15.8) Dodging
 + Level 10.8(15.8) Stealth
 + Level 12.4(17.4) Shields
 + Level 10.8(15.8) Unarmed Combat
 + Level 10.8 Spellcasting
 + Level 9.2 Conjurations
 + Level 9.2 Hexes
 + Level 9.2 Charms
 + Level 9.2 Summonings
 + Level 9.2 Necromancy
 + Level 9.2 Translocations
 + Level 9.2 Transmutations
 + Level 9.2 Fire Magic
 + Level 9.2 Ice Magic
 + Level 9.2 Air Magic
 + Level 9.2 Earth Magic
 + Level 9.2 Poison Magic
 + Level 11.7 Invocations
 + Level 10.8 Evocations


You had 36 spell levels left.
You didn't know any spells.
Your spell library contained the following spells:

 Spells                   Type           Power        Failure   Level  Hunger
 Animate Skeleton         Necr           N/A          1%          1    None
 Beastly Appendage        Tmut           ####..       1%          1    None
 Corona                   Hex            ####...      1%          1    None
 Magic Dart               Conj           ####         1%          1    None
 Pain                     Necr           ####         1%          1    None
 Sandblast                Erth           ####..       1%          1    None
 Ensorcelled Hibernation  Hex/Ice        ####..       1%          2    None
 Passwall                 Tmut/Erth      ####....     1%          2    None
 Searing Ray              Conj           ####..       1%          2    None
 Sticks to Snakes         Tmut           ####....     1%          2    None
 Confusing Touch          Hex            ####....     1%          3    ##.....
 Dazzling Flash           Conj/Hex       ####..       1%          3    ##.....
 Gell's Gravitas          Tloc           ####......   1%          3    ##.....
 Spider Form              Tmut/Pois      ####......   1%          3    ##.....
 Stone Arrow              Conj/Erth      ####..       1%          3    ##.....
 Tukima's Dance           Hex            ####....     1%          3    ##.....
 Vampiric Draining        Necr           ####......   1%          3    ##.....
 Animate Dead             Necr           N/A          2%          4    ####...
 Fulminant Prism          Conj/Hex       ####......   2%          4    ####...
 Ice Form                 Ice/Tmut       ####....     2%          4    ####...
 Iskenderun's Mystic Bla  Conj/Tloc      ####....     2%          4    ####...
 Petrify                  Tmut/Erth      ####....     2%          4    ####...
 Agony                    Necr           ####....     8%          5    #####..
 Blade Hands              Tmut           ####......   8%          5    #####..
 Lee's Rapid Deconstruct  Erth           ####......   8%          5    #####..
 Metabolic Englaciation   Hex/Ice        ####......   8%          5    #####..
 Yara's Violent Unravell  Hex/Tmut       ####......   8%          5    #####..
 Haunt                    Necr/Summ      ####......   92%         7    #######
 Borgnjor's Revivificati  Necr           ####......   100%        8    #######
 Death's Door             Chrm/Necr      ####......   100%        8    #######
 Infestation              Necr           ####......   100%        8    #######
 Necromutation            Tmut/Necr      ####......   100%        8    #######


Dungeon Overview and Level Annotations

Branches:
Dungeon (15/15)            Temple (1/1) D:4            Lair (6/6) D:8
  Swamp (0/4) Lair:3        Snake (1/4) Lair:2        Slime (0/5) Lair:6
    Orc (2/2) D:10            Elf (0/3) Orc:2        Vaults (0/5) D:13
 Depths (0/5) D:15        Gauntlet (visited)

Altars:
Ashenzari
Cheibriados
Dithmenos
Elyvilon
Fedhas
Gozag
Hepliaklqana
Kikubaaqudgha
Makhleb
Nemelex Xobeh
Okawaru
Qazlal
Ru
Sif Muna
Trog
Uskayaw
Vehumet
Wu Jian
Xom
Yredelemnul
Zin
The Shining One
Beogh
Jiyva

Shops:
D:4 (   D:6 (   D:11 [*   Orc:1 :   Orc:2 %*[(

Annotations:
D:15 Roxanne
Snake:1 Kirke


Innate Abilities, Weirdness & Mutations

Your experience applies equally to all skills.
((You have very sharp teeth.))
Your uncanny sense of smell can sniff out nearby items.


Message History

Unknown command.
You hit Kirke.
Kirke is severely wounded.
The hog completely misses you. Kirke hits you.
The sphinx mumbles some strange words.
You suddenly lose the ability to move!
The hog bites you. The sphinx hits you! x3
Kirke gestures at you while chanting.
You struggle to resist.
The hog bites you!
* * * LOW HITPOINT WARNING * * *
The sphinx mumbles some strange words.
You are confused.
The hog barely misses you. Kirke hits you!
* * * LOW HITPOINT WARNING * * *
The hog bites you.
* * * LOW HITPOINT WARNING * * *
The sphinx hits you!
* * * LOW HITPOINT WARNING * * *
The sphinx hits you!
You die...

h...h...### #÷≈≈≈≈.##.
.....(....# #.≈≈≈≈..#.
........(.# #.≈≈≈≈≈.##
.......)..# #.#≈≈≈#..#
..........# #.#.≈###.#
..........# #......)..
#.......# ##.........
##....@..# #..........
#≈....hh.# ##.#[.......≈
##....H..###.##.########
#.....÷...)))..# #
######....)#####. .. #
#.....# ....### #.....#
....... #.....# .......
######.....# .......
#..........# ##.....


You could see Kirke, a sphinx (summoned) and a hog.

Vanquished Creatures
  Jorgrun (Snake:1)
  Asterion (Snake:1)
  An acid blob (Lair:6)
  Agnes (D:14)
  Aizul (Snake:1)
  Louise (D:14)
  A minotaur (Gauntlet)
  A dire elephant (Lair:6)
  Snorg (Orc:1)
  A death ooze (Gauntlet)
  A blizzard demon (Gauntlet)
  2 ogre magi
  A vault guard (D:13)
  2 naga warriors (Snake:1)
  A catoblepas (Lair:6)
  9 hydras
  3 centaur warriors
  3 anacondas (Snake:1)
  7 two-headed ogres
  A deep troll shaman (Lair:6)
  10 death yaks
  The ghost of dscm the Geomancer, a novice OpEE of Uskayaw (D:9)
  An orc high priest (Orc:1)
  2 shock serpents (Snake:1)
  3 naga sharpshooters (Snake:1)
  6 sea snakes (Snake:1)
  3 orc knights
  Pikel (D:8)
  8 ugly things
  4 cyclopes
  A wolf spider (Lair:6)
  A deep elf mage (D:12)
  3 orc sorcerers
  A salamander (Snake:1)
  A manticore (D:13)
  Joseph (D:7)
  11 spiny frogs
  2 molten gargoyles (Lair:3)
  11 black mambas
  22 elephants
  A gargoyle (D:15)
  A kobold demonologist (D:13)
  An efreet (D:15)
  3 minotaur zombies (Gauntlet)
  3 rime drakes
  13 komodo dragons
  A redback zombie (D:15)
  2 ice devils (Gauntlet)
  The ghost of gbos the Chopper, an amateur NaFi of Cheibriados (D:4)
  3 meliai (D:14)
  A tengu conjurer (D:15)
  10 trolls
  2 hornets
  Grinder (D:5)
  4 slime creatures
  2 polar bears
  A hornet (shapeshifter) (Gauntlet)
  11 dream sheep
  10 hippogriffs
  24 blink frogs
  A shadow (D:14)
  3 wyverns
  A basilisk (D:14)
  10 hogs
  A human (shapeshifter) (Gauntlet)
  A human (D:7)
  46 yaks
  6 vampire mosquitoes
  A basilisk (shapeshifter) (D:15)
  2 wargs
  9 nagas
  An acid dragon (D:14)
  9 porcupines
  10 water moccasins
  34 orc warriors
  4 ice beasts
  A slave (D:8)
  2 black bears
  4 sky beasts
  20 ogres
  A phantom (D:9)
  11 wolves
  18 centaurs
  10 crocodiles
  A big kobold (D:12)
  22 bullfrogs
  3 scorpions
  4 wights (D:7)
  3 killer bees (D:11)
  4 howler monkeys
  An electric eel (Lair:3)
  4 crimson imps
  3 centaur zombies
  5 lava snakes (Lair:3)
  2 quasits
  13 jellies (D:11)
  3 bullfrog zombies
  9 hounds
  7 centaur skeletons
  A gnoll shaman (Orc:1)
  9 orc priests
  16 orc wizards
  3 bullfrog skeletons
  Jessica (D:7)
  Ijyb (D:3)
  3 iguanas
  7 hell rats (Lair:6)
  6 worker ants
  2 hound skeletons (D:4)
  11 adders
  5 gnolls (Orc:1)
  5 shadow imps
  A white imp (Gauntlet)
  12 oozes
  An adder skeleton (D:6)
  4 worms
  A dart slug (D:5)
  4 leopard geckos
  71 orcs
  A ball python (D:4)
  10 bats
  6 giant cockroaches
  3 goblins
  8 hobgoblins
  7 jackals
  8 kobolds
  4 quokkas
  8 frilled lizards
  A quokka skeleton (D:4)
  5 rats
  A plant (Gauntlet)
744 creatures vanquished.

Vanquished Creatures (others)
  7 fungi
  18 plants
25 creatures vanquished.

Grand Total: 769 creatures vanquished

Notes
Turn   | Place    | Note
-------+----------+-------------------------------------------
     0 | D:1      | gruber the Gnoll Fighter began the quest for the Orb.
     0 | D:1      | Reached XP level 1. HP: 23/23 MP: 1/1
    91 | D:1      | Reached XP level 2. HP: 29/29 MP: 2/2
   478 | D:1      | Reached XP level 3. HP: 35/35 MP: 3/3
  1007 | D:2      | Reached skill level 1 in Invocations
  1120 | D:2      | Reached skill level 1 in Short Blades
  1120 | D:2      | Reached skill level 1 in Long Blades
  1120 | D:2      | Reached skill level 1 in Axes
  1120 | D:2      | Reached skill level 1 in Maces & Flails
  1120 | D:2      | Reached skill level 1 in Staves
  1120 | D:2      | Reached skill level 1 in Slings
  1120 | D:2      | Reached skill level 1 in Bows
  1120 | D:2      | Reached skill level 1 in Crossbows
  1120 | D:2      | Reached skill level 1 in Throwing
  1120 | D:2      | Reached skill level 1 in Dodging
  1120 | D:2      | Reached skill level 1 in Stealth
  1120 | D:2      | Reached skill level 1 in Unarmed Combat
  1120 | D:2      | Reached skill level 1 in Spellcasting
  1120 | D:2      | Reached skill level 1 in Evocations
  1294 | D:2      | Reached XP level 4. HP: 41/41 MP: 5/5
  1315 | D:2      | Found a hide-covered altar of Uskayaw.
  1739 | D:3      | Reached skill level 1 in Conjurations
  1739 | D:3      | Reached skill level 1 in Hexes
  1739 | D:3      | Reached skill level 1 in Charms
  1739 | D:3      | Reached skill level 1 in Summonings
  1739 | D:3      | Reached skill level 1 in Necromancy
  1739 | D:3      | Reached skill level 1 in Translocations
  1739 | D:3      | Reached skill level 1 in Transmutations
  1739 | D:3      | Reached skill level 1 in Fire Magic
  1739 | D:3      | Reached skill level 1 in Ice Magic
  1739 | D:3      | Reached skill level 1 in Air Magic
  1739 | D:3      | Reached skill level 1 in Earth Magic
  1739 | D:3      | Reached skill level 1 in Poison Magic
  1923 | D:3      | Found an ornate altar of the Wu Jian Council.
  1925 | D:3      | Reached XP level 5. HP: 47/47 MP: 6/6
  2074 | D:3      | Found a faded altar of an unknown god.
  2414 | D:3      | Noticed Ijyb
  2436 | D:3      | Killed Ijyb
  2519 | D:4      | Noticed an ogre
  2531 | D:4      | Killed an ogre
  2531 | D:4      | Reached XP level 6. HP: 51/53 MP: 8/8
  2551 | D:4      | Found Giomor's Antique Weapon Emporium.
  2570 | D:4      | Reached skill level 5 in Polearms
  2598 | D:4      | Reached XP level 7. HP: 59/59 MP: 10/10
  2626 | D:4      | Found a staircase to the Ecumenical Temple.
  2685 | Temple   | Entered the Ecumenical Temple
  3115 | D:4      | Found a large runed translucent door.
  3115 | D:4      | Found a large runed translucent door.
  3116 | D:4      | Noticed gbos's ghost (amateur NaFi)
  3316 | D:4      | Found a burning altar of Makhleb.
  3396 | D:5      | Entered Level 5 of the Dungeon
  3396 | D:5      | Found a basalt altar of Yredelemnul.
  3396 | D:5      | Found a sacrificial altar of Ru.
  3396 | D:5      | Found an iron altar of Okawaru.
  3396 | D:5      | Found a snail-covered altar of Cheibriados.
  3564 | D:5      | Noticed Grinder
  3579 | D:5      | Paralysed by Grinder for 7 turns
  3660 | D:5      | Became a worshipper of Warmaster Okawaru
  3727 | D:5      | Paralysed by Grinder for 3 turns
  3733 | D:5      | Killed Grinder
  3733 | D:5      | Reached * piety under Okawaru
  3733 | D:5      | Reached XP level 8. HP: 37/67 MP: 12/12
  3870 | D:5      | You fall into a shaft and drop 3 floors!
  4131 | D:8      | Reached ** piety under Okawaru
  4187 | D:8      | Noticed a wyvern
  4196 | D:8      | Killed a wyvern
  4219 | D:7      | Reached XP level 9. HP: 72/72 MP: 14/14
  4728 | D:7      | Noticed Jessica
  4733 | D:7      | Noticed Joseph
  4743 | D:7      | Killed Jessica
  4743 | D:7      | Paralysed by Joseph for 6 turns
  4785 | D:7      | Killed Joseph
  5225 | D:5      | Found a blossoming altar of Fedhas.
  5501 | D:6      | Reached *** piety under Okawaru
  5732 | D:6      | Found Oroyp's Antique Weapon Emporium.
  5738 | D:6      | Bought a shimmering war axe for 272 gold pieces
  5738 | D:6      | Bought a crude hunting sling for 208 gold pieces
  5949 | D:7      | Found a shimmering blue altar of Sif Muna.
  6067 | D:7      | Reached skill level 5 in Invocations
  6095 | D:7      | Reached XP level 10. HP: 63/80 MP: 15/17
  6103 | D:7      | Received a gift from Okawaru
  6112 | D:7      | Identified the cursed +0 war axe of Power {holy, *Drain MR+
                  | Int+8 Dex-4} (You bought it in a shop on level 6 of the
                  | Dungeon)
  6114 | D:7      | Identified the +7 hunting sling of Etoneog {venom, +Inv
                  | Str+3 Int-5} (You bought it in a shop on level 6 of the
                  | Dungeon)
  6927 | D:8      | Found a staircase to the Lair.
  7272 | D:8      | Reached skill level 5 in Short Blades
  7272 | D:8      | Reached skill level 5 in Long Blades
  7272 | D:8      | Reached skill level 5 in Axes
  7272 | D:8      | Reached skill level 5 in Maces & Flails
  7272 | D:8      | Reached skill level 5 in Staves
  7272 | D:8      | Reached skill level 5 in Slings
  7272 | D:8      | Reached skill level 5 in Bows
  7272 | D:8      | Reached skill level 5 in Crossbows
  7272 | D:8      | Reached skill level 5 in Throwing
  7272 | D:8      | Reached skill level 5 in Dodging
  7272 | D:8      | Reached skill level 5 in Stealth
  7272 | D:8      | Reached skill level 5 in Unarmed Combat
  7272 | D:8      | Reached skill level 5 in Spellcasting
  7272 | D:8      | Reached skill level 5 in Evocations
  7499 | D:8      | Noticed Pikel
  7504 | D:8      | Killed Pikel
  7617 | D:8      | Received a gift from Okawaru
  8096 | D:9      | Reached **** piety under Okawaru
  8315 | D:9      | Found a runed translucent door.
  8315 | D:9      | Noticed dscm's ghost (novice OpEE)
  8316 | D:9      | Noticed a cyclops
  8350 | D:9      | Found a sparkling altar of Nemelex Xobeh.
  8474 | D:10     | Entered Level 10 of the Dungeon
  8484 | D:10     | Found a staircase to the Orcish Mines.
  8959 | D:11     | Noticed a five-headed hydra
  8967 | D:11     | Killed a five-headed hydra
  9020 | D:11     | Reached XP level 11. HP: 87/87 MP: 19/19
  9075 | D:11     | Found Sagiatit's Antique Armour Shoppe.
  9079 | D:11     | Bought a pair of boots for 139 gold pieces
  9089 | D:11     | Found an opulent altar of Gozag.
  9122 | D:11     | Found Gozag's Platinum Reserve.
  9237 | D:11     | Reached ***** piety under Okawaru
  9680 | D:11     | Reached skill level 5 in Conjurations
  9680 | D:11     | Reached skill level 5 in Hexes
  9680 | D:11     | Reached skill level 5 in Charms
  9680 | D:11     | Reached skill level 5 in Summonings
  9680 | D:11     | Reached skill level 5 in Necromancy
  9680 | D:11     | Reached skill level 5 in Translocations
  9680 | D:11     | Reached skill level 5 in Transmutations
  9680 | D:11     | Reached skill level 5 in Fire Magic
  9680 | D:11     | Reached skill level 5 in Ice Magic
  9680 | D:11     | Reached skill level 5 in Air Magic
  9680 | D:11     | Reached skill level 5 in Earth Magic
  9680 | D:11     | Reached skill level 5 in Poison Magic
  9909 | D:12     | Noticed a deep elf mage
  9914 | D:12     | Killed a deep elf mage
  9914 | D:12     | Received a gift from Okawaru
  9970 | D:12     | Noticed a cyclops
  9992 | D:12     | Killed a cyclops
 10290 | D:12     | Received a gift from Okawaru
 11096 | D:13     | Noticed a vault guard
 11122 | D:13     | Reached XP level 12. HP: 96/96 MP: 22/22
 11141 | D:13     | Killed a vault guard
 11169 | D:13     | Noticed a two-headed ogre
 11178 | D:13     | Killed a two-headed ogre
 11367 | D:13     | Found a gate to the Vaults.
 11535 | D:13     | Noticed a centaur warrior
 11542 | D:13     | Killed a centaur warrior
 11548 | D:13     | Got an iridescent flail
 11549 | D:13     | Identified the +6 flail of Ymef {elec, rC+ Str+8 Int+2}
                  | (You found it on level 13 of the Dungeon)
 11646 | D:13     | Noticed a centaur warrior
 11658 | D:13     | Killed a centaur warrior
 11658 | D:13     | Received a gift from Okawaru
 12082 | Lair:1   | Entered Level 1 of the Lair of Beasts
 12251 | Lair:1   | Reached skill level 10 in Fighting
 12251 | Lair:1   | Reached skill level 10 in Armour
 12251 | Lair:1   | Reached skill level 10 in Shields
 12537 | Lair:1   | Received a gift from Okawaru
 13201 | Lair:2   | Reached ****** piety under Okawaru
 13206 | Lair:2   | Reached XP level 13. HP: 88/103 MP: 24/24
 13247 | Lair:2   | Found a staircase to the Snake Pit.
 13312 | Lair:2   | Received a gift from Okawaru
 14098 | Lair:3   | Found a staircase to the Swamp.
 16551 | Lair:5   | Received a gift from Okawaru
 16755 | Lair:5   | Received a gift from Okawaru
 17034 | Lair:5   | Received a gift from Okawaru
 17038 | Lair:5   | Reached XP level 14. HP: 111/111 MP: 26/26
 17165 | Lair:5   | Received a gift from Okawaru
 17168 | Lair:5   | Reached skill level 10 in Polearms
 17990 | Lair:6   | Entered Level 6 of the Lair of Beasts
 18200 | Lair:6   | Received a gift from Okawaru
 18409 | Lair:6   | Reached skill level 10 in Invocations
 18482 | Lair:6   | Found a runed translucent door.
 18578 | Lair:6   | Found a viscous altar of Jiyva.
 18579 | Lair:6   | Noticed an acid blob
 18742 | Lair:6   | Found a staircase to the Slime Pits.
 18754 | Lair:6   | HP: 3/113 [acid (5)]
 18755 | Lair:6   | HP: 1/113 [acid (2)]
 18757 | Lair:6   | Killed an acid blob
 19184 | Lair:6   | Received a gift from Okawaru
 19184 | Lair:6   | Reached XP level 15. HP: 87/119 MP: 28/28
 19187 | Lair:6   | Got a slimy glaive {god gift}
 19928 | Orc:1    | Entered Level 1 of the Orcish Mines
 20307 | Orc:1    | Received a gift from Okawaru
 20310 | Orc:1    | Got a fine hunting sling {god gift}
 20311 | Orc:1    | Identified the +2 hunting sling "Tytwubus" {vorpal, Str+4
                  | Int+4} (Okawaru gifted it to you on level 1 of the Orcish
                  | Mines)
 20360 | Orc:1    | Found Qiqoyl's Book Boutique.
 20375 | Orc:1    | Noticed Snorg
 20404 | Orc:1    | Killed Snorg
 20603 | Orc:2    | Entered Level 2 of the Orcish Mines
 20906 | Orc:2    | Reached skill level 10 in Short Blades
 20906 | Orc:2    | Reached skill level 10 in Long Blades
 20906 | Orc:2    | Reached skill level 10 in Axes
 20906 | Orc:2    | Reached skill level 10 in Maces & Flails
 20906 | Orc:2    | Reached skill level 10 in Staves
 20906 | Orc:2    | Reached skill level 10 in Slings
 20906 | Orc:2    | Reached skill level 10 in Bows
 20906 | Orc:2    | Reached skill level 10 in Crossbows
 20906 | Orc:2    | Reached skill level 10 in Throwing
 20906 | Orc:2    | Reached skill level 10 in Dodging
 20906 | Orc:2    | Reached skill level 10 in Stealth
 20906 | Orc:2    | Reached skill level 10 in Unarmed Combat
 20906 | Orc:2    | Reached skill level 10 in Spellcasting
 20906 | Orc:2    | Reached skill level 10 in Evocations
 21029 | Orc:2    | Found a roughly hewn altar of Beogh.
 21207 | Orc:2    | Found Elojaih's Armour Boutique.
 21207 | Orc:2    | Found Kalub's Assorted Antiques.
 21210 | Orc:2    | Found Uwerel's Food Emporium.
 21212 | Orc:2    | Found Onokhlywn's Antique Weapon Shop.
 21217 | Orc:2    | Bought a scroll labeled OTSOP BISMAVEGG for 31 gold pieces
 21285 | Orc:2    | Found a staircase to the Elven Halls.
 21755 | D:14     | Received a gift from Okawaru
 22552 | D:14     | Noticed Agnes
 22572 | D:14     | Killed Agnes
 22798 | D:14     | Noticed Louise
 22840 | D:14     | Killed Louise
 23100 | D:14     | Reached XP level 16. HP: 92/127 MP: 30/30
 23285 | D:15     | Entered Level 15 of the Dungeon
 23404 | D:15     | Identified Roxanne's Guide on Clay
 23404 | D:15     | Noticed Roxanne
 23473 | D:15     | Received a gift from Okawaru
 23540 | D:15     | Found a gate leading to a gauntlet.
 23540 | D:15     | Found a sacrificial altar of Ru.
 23549 | Gauntlet | Entered a Gauntlet
 23549 | Gauntlet | Found a transporter.
 23549 | Gauntlet | Found a transporter.
 23549 | Gauntlet | Found a runed translucent door.
 23549 | Gauntlet | Found a runed translucent door.
 23561 | Gauntlet | Found a transporter.
 23573 | Gauntlet | Found a transporter.
 23591 | Gauntlet | Found a transporter.
 23591 | Gauntlet | Found a transporter.
 23593 | Gauntlet | Found a transporter.
 23593 | Gauntlet | Found a transporter.
 23594 | Gauntlet | Found a transporter.
 23613 | Gauntlet | Found a transporter.
 23621 | Gauntlet | Found a transporter.
 23631 | Gauntlet | Found a transporter.
 23645 | Gauntlet | Found a transporter.
 23665 | Gauntlet | Found a transporter.
 23882 | Gauntlet | Got a pair of distressingly furry gloves
 23927 | Gauntlet | Found the +3 pair of gauntlets of War {Slay+5}
 24019 | D:15     | Identified the cursed +0 pair of gloves of Siabrywn {Str+3
                  | Int+6 Dex-4 Stlth+} (You found it in a Gauntlet)
 24253 | D:9      | Killed dscm's ghost
 24259 | D:9      | Got a pitted platinum ring
 24261 | D:9      | Identified the ring "Fuogeov" {+Blink MP+9 Str+4 Int+6
                  | Dex+2} (You found it on level 9 of the Dungeon)
 24465 | D:4      | Killed gbos's ghost
 24645 | Snake:1  | Entered Level 1 of the Snake Pit
 24666 | Snake:1  | Received a gift from Okawaru
 25095 | Snake:1  | Noticed Aizul
 25099 | Snake:1  | Received a gift from Okawaru
 25120 | Snake:1  | Killed Aizul
 25120 | Snake:1  | Received a gift from Okawaru
 25514 | Snake:1  | Noticed Jorgrun
 25516 | Snake:1  | Noticed Asterion
 25534 | Snake:1  | Killed Jorgrun
 25535 | Snake:1  | Killed Asterion
 26180 | Snake:1  | Noticed Kirke
 26188 | Snake:1  | Noticed a sphinx
 26197 | Snake:1  | Paralysed by a sphinx for 6 turns
 26200 | Snake:1  | HP: 3/129 [sphinx[Kirke] (13)]
 26200 | Snake:1  | Slain by a sphinx

Illustrated notes

Levels and vault maps discovered:
D:1:      wander_arrival_peaceful_grave, layout_loops_corners
D:2:      layout_loops_ring, lemuel_coloured_pillars_altar, first_ration,
          minmay_pentomino_t2
D:3:      layout_basic, nicolae_overflow_crystal_walls,
          chequers_ecumenical_altar_twisty, uniq_ijyb
D:4:      minmay_bubble_buster, layout_rooms, nicolae_overflow_hidden_temple,
          minmay_temple_entry_trees, ebering_ghost_disaster_area, serial_shops,
          kennysheep_mini_moat
D:5:      layout_loops_ring, fedhas_altar_1,
          chequers_temple_overflow_statue_of_worship, uniq_grinder
D:6:      lemuel_ice_spiral_2, layout_basic, serial_shops, nicolae_shop_trees
D:7:      layout_basic, tgw_sif, grunt_livestock, uniq_joseph
D:8:      layout_layer_cave, david_lair_shrubbed, uniq_pikel
D:9:      layout_cave_pools, ebering_ghost_inner_flame,
          nemelex_spade_bored_becter
D:10:     layout_long_grid
D:11:     lemuel_slime, layout_loops_ring, serial_shops, shop,
          nicolae_gozag_zags_fifth_avenue
D:12:     layout_loops_ring
D:13:     layout_loops_ring, david_vaults_5
D:14:     layout_rooms, grunt_decor_resistance, uniq_agnes, uniq_louise
D:15:     grunt_enter_depths_giant_problem, layout_basic,
          nicolae_ru_awakened_eye, gauntlet_entry_generic,
          minmay_stone_trees_small, uniq_roxanne
Temple:   oiseaux_autumnal_temple
Lair:1:   layout_loops_ring, beast_lair_carwin_10
Lair:2:   layout_chaotic_city, minmay_snake_entry_guardpost_medium
Lair:3:   cheibrodos_magma_flow, layout_chaotic_city, swamp_mist,
          serial_bayou_lagoon_a, chequers_serial_rivers_micro_e, st_stairs_11
Lair:4:   layout_regular_city
Lair:5:   beast_lair_carwin_large_3, layout_hall_layers,
          chequers_serial_rivers_small_a, grunt_megastairs_5
Lair:6:   grunt_lair_end_beastmaster, layout_regular_city, slime_altar_2
Snake:1:  layout_basic, uniq_jorgrun, uniq_aizul, uniq_asterion, uniq_kirke
Orc:1:    layout_caves, serial_shops, shop, uniq_snorg
Orc:2:    st_orc_rangers, layout_caves, basic_altar, lightli_orcish_oven

Skill      XL: |  1  2  3  4  5  6  7  8  9 10 11 12 13 14 15 16 |
---------------+-------------------------------------------------+-----
Invocations    | 1 2 3 4 5 6 7 8 9 10 11 | 11.7
Short Blades   | 1 2 3 4 5 6 7 8 9 10 | 10.8
Long Blades    | 1 2 3 4 5 6 7 8 9 10 | 10.8
Axes           | 1 2 3 4 5 6 7 8 9 10 | 10.8
Maces & Flails | 1 2 3 4 5 6 7 8 9 10 | 10.8
Staves         | 1 2 3 4 5 6 7 8 9 10 | 10.8
Slings         | 1 2 3 4 5 6 7 8 9 10 | 10.8
Bows           | 1 2 3 4 5 6 7 8 9 10 | 10.8
Crossbows      | 1 2 3 4 5 6 7 8 9 10 | 10.8
Throwing       | 1 2 3 4 5 6 7 8 9 10 | 10.8
Dodging        | 1 2 3 4 5 6 7 8 9 10 | 10.8
Stealth        | 1 2 3 4 5 6 7 8 9 10 | 10.8
Unarmed Combat | 1 2 3 4 5 6 7 8 9 10 | 10.8
Spellcasting   | 1 2 3 4 5 6 7 8 9 10 | 10.8
Evocations     | 1 2 3 4 5 6 7 8 9 10 | 10.8
Conjurations   | 1 2 3 4 5 6 7 8 9 |  9.2
Hexes          | 1 2 3 4 5 6 7 8 9 |  9.2
Charms         | 1 2 3 4 5 6 7 8 9 |  9.2
Summonings     | 1 2 3 4 5 6 7 8 9 |  9.2
Necromancy     | 1 2 3 4 5 6 7 8 9 |  9.2
Translocations | 1 2 3 4 5 6 7 8 9 |  9.2
Transmutations | 1 2 3 4 5 6 7 8 9 |  9.2
Fire Magic     | 1 2 3 4 5 6 7 8 9 |  9.2
Ice Magic      | 1 2 3 4 5 6 7 8 9 |  9.2
Air Magic      | 1 2 3 4 5 6 7 8 9 |  9.2
Earth Magic    | 1 2 3 4 5 6 7 8 9 |  9.2
Poison Magic   | 1 2 3 4 5 6 7 8 9 |  9.2
Polearms       | 5 6 7 8 9 10 11 | 11.7
Fighting       | 7 8 9 10 11 12 | 12.4
Armour         | 7 8 9 10 11 12 | 12.4
Shields        | 7 8 9 10 11 12 | 12.4

Action                   |  1- 3 |  4- 6 |  7- 9 | 10-12 | 13-15 | 16-18 || total
-------------------------+-------+-------+-------+-------+-------+-------++-------
Melee: Trident           |   131 |   167 |       |       |       |       ||   298
       Bite              |    13 |    15 |    87 |    19 |   133 |    32 ||   299
       Spear             |       |       |   484 |    21 |       |       ||   505
       Unarmed           |       |       |     9 |       |       |     4 ||    13
       Flail             |       |       |       |    95 |   623 |   219 ||   937
 Fire: Hunting sling     |       |       |       |   700 |   916 |   127 ||  1743
Invok: Heroism           |       |       |       |       |     9 |     9 ||    18
       Finesse           |       |       |       |       |     3 |     3 ||     6
Evoke: Wand              |       |       |       |       |     1 |     6 ||     7
  Use: Potion            |       |     1 |     1 |       |     1 |     5 ||     8
       Scroll            |       |       |    16 |     5 |     5 |    10 ||    36
  Eat: Chunk             |     1 |     5 |    11 |    18 |    28 |     3 ||    66
       Ration            |       |       |       |     1 |     1 |     2 ||     4
Armor: Scale mail        |    28 |       |       |       |       |       ||    28
       Crystal plate arm |     6 |    75 |   208 |   187 |   570 |   109 ||  1155
Dodge: Dodged            |    15 |    10 |    48 |    82 |   421 |    74 ||   650
Block: Kite shield       |    76 |   116 |   202 |   253 |   846 |   199 ||  1692
       Reflection        |       |     3 |       |       |    52 |    11 ||    66
       Other             |       |       |       |       |       |     1 ||     1
